 Dungeon Crawl Stone Soup version 0.31.0-32-g396128a36d (webtiles) character file.

Game seed: 12331512787308927483

3047 Alphaeus the Grappler (level 9, -5/87 HPs)
             Began as a Troll Shapeshifter on Mar 19, 2024.
             Was a High Priest of Jiyva.
             Slain by Pikel
             ... wielding a +1 whip of flaming
              (12 damage)
             ... on level 7 of the Dungeon.
             The game lasted 00:05:50 (4435 turns).

Alphaeus the Grappler (Troll Shapeshifter)          Turns: 4435, Time: 00:05:51

Health: -5/87      AC:  4    Str: 24 (27) XL:     9   Next: 56%
Magic:  8/8        EV: 10    Int:  2 (5)  God:    Jiyva [*****.]
Gold:   219        SH:  0    Dex: 12 (13) Spells: 8/8 levels left

rFire   . .          .
                       - Unarmed
rCold   . . .        (no shield)
rNeg    . . .        a - +0 animal skin
rPois   .            (helmet currently unavailable)
rElec   .            (cloak currently unavailable)
rCorr   +            (gloves unavailable)
SInv    .            (boots unavailable)
Will    .....        (no amulet)
Stlth   +            (no ring)
HPRegen 2.58/turn    (no ring)
MPRegen 0.83/turn

%: no passive effects
@: beast-form, invisible
A: beast (slay +4), large, unfitting armour, claws 3, regeneration 1, shaggy fur
1, tough skin 1, agile 1, wild magic 3, evolution 1
a: Begin Untransformation, Renounce Religion, Oozemancy, Slimify


You were on level 7 of the Dungeon.
You worshipped Jiyva.
Jiyva was extremely pleased with you.
You were a hulking beast.
You visited 1 branch of the dungeon, and saw 7 of its levels.
You also visited: Sewer.

You collected 219 gold pieces.

Inventory:

Missiles
 b - a throwing net (quivered)
Armour
 a - a +0 animal skin (worn)
 n - the +1 hat of Generosity {Dex+4}
   (You found it on level 2 of the Dungeon)

   Dex+4:     It affects your dexterity (+4).
Talismans
 c - a beast talisman (active)
 d - a flux talisman
Wands
 s - a wand of flame (28)
Scrolls
 f - 2 scrolls of vulnerability
 g - a scroll of blinking
 h - 3 scrolls of identify {unknown}
 i - 2 scrolls of revelation {unknown}
 o - a scroll of brand weapon {unknown}
 q - 3 scrolls of immolation {unknown}
 t - 2 scrolls of fog {unknown}
Potions
 e - a potion of degeneration
 k - a potion of brilliance {unknown}
 l - a potion of attraction {unknown}
 m - a potion of haste {unknown}
 p - a potion of mutation {unknown}
 r - a potion of heal wounds {unknown}


   Skills:
 + Level 4.9 Fighting
 - Level 1.5 Dodging
 * Level 9.0 Unarmed Combat
 * Level 8.4 Shapeshifting


You had 8 spell levels left.
You didn't know any spells.
Your spell library was empty.

Dungeon Overview and Level Annotations

Branches:
Dungeon (7/15)             Temple (0/1) D:4           Sewer (visited)

Altars:
Ashenzari
Cheibriados
Dithmenos
Gozag
Makhleb
Sif Muna
Trog
Zin
Jiyva

Shops:
D:1 !

Annotations:
D:7 Jeremiah, Pikel


Innate Abilities, Weirdness & Mutations

You are a hulking beast.
Your limbs bulge with bestial killing power. (Slay +4)
You are too large for most types of armour.
You have claws for hands.
Your natural rate of healing is unusually fast.
You are covered in fur. (AC +1)
You have tough skin. (AC +1)
You are agile. (Dex +4, Str/Int -1)
Your spells are much harder to cast, but much more powerful.
You have hidden genetic potential.


Message History

Pikel burns you. The lemure hits you.
You scratch Pikel but do no damage.
Pikel is almost dead.
Pikel says, "You'll rot in Tartarus!"
Pikel hits you with a +1 whip of flaming!
Pikel burns you.
You closely miss Pikel.
Pikel is almost dead.
The lemure hits you.
Jeremiah hops!
Pikel hits you with a +1 whip of flaming!
* * * LOW HITPOINT WARNING * * *
Pikel burns you.
* * * LOW HITPOINT WARNING * * *
You barely miss Pikel.
Pikel is almost dead.
The lemure hits you.
* * * LOW HITPOINT WARNING * * *
You barely miss Pikel.
Pikel is almost dead.
Pikel hits you with a +1 whip of flaming!
* * * LOW HITPOINT WARNING * * *
Pikel burns you.
* * * LOW HITPOINT WARNING * * *
The lemure hits you but does no damage.
Okay, then.
It was a potion of degeneration.
There was something very wrong with that liquid.
You feel weakened.
You feel dopey.
You feel clumsy.
The butterfly disappears in a burst of colours!
Pikel hits you with a +1 whip of flaming!
* * * LOW HITPOINT WARNING * * *
Pikel burns you.
* * * LOW HITPOINT WARNING * * *
The lemure closely misses you. Pikel attacks as he pursues you!
Pikel closely misses you.
It was a potion of invisibility.
You fade into invisibility!
Pikel hits you with a +1 whip of flaming!
You die...
Pikel says, "Another soul for the market."

..#..♣♣....F
#......b....
........~~~
.#########.....b~~#
........<#....b.~#
.#######.#♣.b...b#
#h#8♣....~# .
##K#♣.....b## ~.
#.5g...bbb~b####~~.
#.#5...b.b.)5~~~~..
#......b.F)K.Y.....
#####..♣♣b)§gF.....
#..b♣....5..b..
#.#b...........
..##.....b♣....


You could see Pikel (unable to see you), 2 lemures and a gnoll (unable to see
you).

Vanquished Creatures
  Sigmund (D:5)
  Menkaure (D:5)
  2 water moccasins (D:6)
  Duvessa (D:5)
  2 black bears (D:5)
  3 ice beasts
  2 lemures (D:7)
  A phantom (D:6)
  3 kobold brigands (Sewer)
  Blork the orc (D:6)
  7 scorpions
  A gnoll sergeant (D:5)
  5 bullfrogs
  Dowan (D:5)
  A bombardier beetle (D:3)
  A hound (D:6)
  6 orc priests
  A gnoll bouda (D:7)
  A sleepcap (D:4)
  5 iguanas
  3 orc wizards
  Natasha (D:2)
  11 gnolls
  8 adders
  2 river rats (Sewer)
  A shadow imp (D:6)
  A white imp (D:6)
  4 ufetubi
  3 ribbon worms
  A dart slug (D:1)
  26 orcs
  20 ball pythons
  7 endoplasms
  4 giant cockroaches
  9 hobgoblins
  5 jackals (D:1)
  10 bats
  4 frilled lizards
  10 goblins
  11 kobolds
  10 rats
197 creatures vanquished.

Vanquished Creatures (others)
  A sky beast (D:7)
  A phantom (D:6)
  A bombardier beetle (D:6)
  3 jellies
  2 ufetubi
  An endoplasm (Sewer)
  A quokka (D:5)
  5 ball pythons
  A rat (Sewer)
16 creatures vanquished.

Grand Total: 213 creatures vanquished

Notes
Turn   | Place    | Note
-------+----------+-------------------------------------------
     0 | D:1      | Alphaeus the Troll Shapeshifter began the quest for the
                  | Orb.
     0 | D:1      | Reached XP level 1. HP: 18/18 MP: 0/0
    79 | D:1      | Reached skill level 1 in Fighting
    80 | D:1      | Reached XP level 2. HP: 27/27 MP: 1/1
   116 | D:1      | Found Citt's Distillery.
   211 | D:1      | Reached XP level 3. HP: 33/33 MP: 2/2
   755 | D:2      | Noticed Natasha
   758 | D:2      | Killed Natasha
   759 | D:2      | Reached skill level 4 in Unarmed Combat
   759 | D:2      | Reached XP level 4. HP: 33/41 MP: 3/3
   851 | D:2      | Identified the +1 hat of Generosity {Dex+4}
   951 | D:3      | Found a faded altar of an unknown god.
   972 | D:3      | Prayed at the altar of an unknown god.
   972 | D:3      | Became a worshipper of Jiyva Jegeakk the Shapeless
   972 | D:3      | Reached * piety under Jiyva
  1045 | D:3      | Reached XP level 5. HP: 49/49 MP: 4/4
  1246 | D:3      | Found a glowing drain.
  1258 | Sewer    | Entered a sewer
  1258 | Sewer    | Reached ** piety under Jiyva
  1375 | Sewer    | Reached skill level 5 in Unarmed Combat
  1375 | Sewer    | Reached XP level 6. HP: 56/57 MP: 5/5
  1421 | Sewer    | Reached skill level 5 in Shapeshifting
  1715 | Sewer    | Reached XP level 7. HP: 66/66 MP: 6/6
  2099 | D:4      | Reached skill level 6 in Unarmed Combat
  2162 | D:4      | Found a broken altar of Ashenzari.
  2185 | D:4      | Found a staircase to the Ecumenical Temple.
  2245 | D:4      | Reached *** piety under Jiyva
  2395 | D:4      | Reached XP level 8. HP: 54/75 MP: 7/7
  2557 | D:4      | Found a shimmering blue altar of Sif Muna.
  2657 | D:4      | Gained mutation: Your spells are a little harder to cast,
                  | but a little more powerful. [Jiyva's grace]
  2657 | D:4      | Gained mutation: Your spells are harder to cast, but more
                  | powerful. [Jiyva's grace]
  2657 | D:4      | Gained mutation: Your spells are much harder to cast, but
                  | much more powerful. [Jiyva's grace]
  2657 | D:4      | Gained mutation: You have hidden genetic potential.
                  | [Jiyva's grace]
  2698 | D:5      | Entered Level 5 of the Dungeon
  2732 | D:5      | Reached skill level 7 in Unarmed Combat
  2801 | D:5      | Noticed Dowan
  2802 | D:5      | Noticed Duvessa
  2819 | D:5      | Killed Duvessa
  2823 | D:5      | Killed Dowan
  2949 | D:5      | Found an opulent altar of Gozag.
  3085 | D:5      | Noticed Menkaure
  3094 | D:5      | Killed Menkaure
  3132 | D:5      | Reached **** piety under Jiyva
  3156 | D:5      | Noticed Sigmund
  3158 | D:5      | Killed Sigmund
  3162 | D:5      | Reached skill level 8 in Unarmed Combat
  3172 | D:5      | Reached XP level 9. HP: 84/84 MP: 8/8
  3389 | D:5      | Gained mutation: You are agile. (Dex +4, Str/Int -1)
                  | [hidden potential]
  3602 | D:6      | Found a burning altar of Makhleb.
  3701 | D:6      | Found a bloodstained altar of Trog.
  3829 | D:6      | Found a glowing silver altar of Zin.
  3829 | D:6      | Found a snail-covered altar of Cheibriados.
  3830 | D:6      | Found a shadowy altar of Dithmenos.
  3942 | D:6      | Reached ***** piety under Jiyva
  4087 | D:6      | Noticed Blork the orc
  4095 | D:6      | Killed Blork the orc
  4353 | D:7      | Noticed Jeremiah
  4354 | D:7      | Noticed Pikel
  4365 | D:7      | Reached skill level 9 in Unarmed Combat
  4433 | D:7      | HP: 2/87 [Pikel/+1 whip of flaming (9)]
  4435 | D:7      | Slain by Pikel

Illustrated notes

Levels and vault maps discovered:
D:1:      dreamdust_arrival_sigmund_warning, layout_rooms, serial_shops,
          nicolae_shop_hallway_plus, chequers_serial_rivers_micro_b, st_stairs_4
D:2:      layout_basic, uniq_natasha
D:3:      layout_rooms, shapermc_ecumenical_altar_acropolis,
          portal_sewer_entry_b
D:4:      layout_loops_cross, ashenzari_conservatory_becter,
          lemuel_coloured_pillars_altar, minmay_temple_entry_proselytizer
D:5:      layout_loops_ring, grunt_gozag_statues,
          chequers_serial_rivers_micro_b, nicolae_elevator_lobby_plus,
          uniq_duvessa, uniq_sigmund, uniq_menkaure
D:6:      layout_basic, bloody_trog, makhleb_heckhound_becter, minitemple,
          hangedman_minor_gate_pass, uniq_blork_the_orc
D:7:      minmay_the_grid_four_pointed_star
          [minmay_the_grid_triangle_9x9_minimal,
          minmay_the_grid_triangle_9x9_swiss_cheese,
          minmay_the_grid_triangle_9x9_sprig,
          minmay_the_grid_triangle_9x9_shrine,
          minmay_the_grid_prize_inner_circle], layout_loops_ring,
          enter_bailey_5, serial_park_tiny_2, kennysheep_decorative_pillar,
          uniq_pikel, uniq_jeremiah, uniq_prince_ribbit1, uniq_joseph

Skill      XL: |  1  2  3  4  5  6  7  8  9 |
---------------+----------------------------+-----
Fighting       | 1 2 3 4 |  4.9
Unarmed Combat | 4 5 6 8 9 |  9.0
Shapeshifting  | 4 5 6 7 8 |  8.4
Dodging        | |  1.5

Action                     |  1- 3 |  4- 6 |  7- 9 || total
---------------------------+-------+-------+-------++-------
  Melee: Unarmed           |   110 |   135 |   256 ||   501
         Punch             |       |     3 |    15 ||    18
  Evoke: Wand              |       |       |     2 ||     2
    Use: Potion            |       |       |     3 ||     3
         Scroll            |       |       |     2 ||     2
 Armour: Animal skin       |    97 |    79 |   182 ||   358
         Skin              |       |       |    24 ||    24
  Dodge: Dodged            |    57 |    48 |   116 ||   221
   Form: Beast             |       |     1 |       ||     1
         Flux              |       |     1 |       ||     1
